 Dungeon Crawl Stone Soup version 0.26.1-10-gdfb7c7de75 (webtiles) character file.

Game seed: 7178297868822578941

320 H0rd4k the Charlatan (level 6, -1/44 HPs)
             Began as a Human Artificer on Apr 9, 2021.
             Killed by divine providence
             ... invoked by an orc priest
              (16 damage)
             ... on level 3 of the Dungeon.
             The game lasted 00:02:29 (3850 turns).

H0rd4k the Charlatan (Human Artificer)              Turns: 3850, Time: 00:02:29

Health: -1/44      AC:  4    Str: 14    XL:     6   Next: 75%
Magic:  6/6        EV: 13    Int: 12    God:
Gold:   191        SH:  0    Dex: 13    Spells: 5/5 levels left

rFire    + . .     SeeInvis .   f - +0 dagger
rCold    . . .     Faith    .   (no shield)
rNeg     . . .     Spirit   .   h - +2 robe {rF+}
rPois    .         Reflect  .   (no helmet)
rElec    .         Harm     .   (no cloak)
rCorr    .         Rampage  .   (no gloves)
Will     .....                  (no boots)
Stlth    ++........             (no amulet)
HPRegen  0.14/turn              (no ring)
MPRegen  0.10/turn              (no ring)

@: no status effects
A: no striking features
a: no special abilities


You were on level 3 of the Dungeon.
You visited 1 branch of the dungeon, and saw 3 of its levels.

You collected 191 gold pieces.

Inventory:

Hand Weapons
 f - a +0 dagger (weapon)
Armour
 b - a +0 leather armour
 h - a +2 robe of fire resistance (worn)
Wands
 c - a wand of flame (4) (quivered)
 d - a wand of enslavement (14)
 e - a wand of random effects (11)
Scrolls
 i - 2 scrolls of fog {unknown}
 j - 2 scrolls of magic mapping {unknown}
 m - 3 scrolls of identify {unknown}
 n - a scroll of fear {unknown}
 o - a scroll of immolation {unknown}
 p - a scroll of blinking {unknown}
 r - a scroll of enchant armour {unknown}
 u - a scroll of teleportation {unknown}
Potions
 g - 2 potions of curing {unknown}
 k - a potion of ambrosia {unknown}
 l - a potion of attraction {unknown}
 q - a potion of heal wounds {unknown}
 s - 3 potions of haste {unknown}


   Skills:
 + Level 2.2 Fighting
 + Level 3.1 Short Blades
 + Level 2.3 Armour
 + Level 3.0 Dodging
 + Level 2.3 Stealth
 + Level 4.2 Evocations


You had 5 spell levels left.
You didn't know any spells.
Your spell library was empty.

Dungeon Overview and Level Annotations

Branches:
Dungeon (3/15)

Altars:


Message History

You're too confused to move!
The orc priest looks encouraged for a moment.
The orc hits you with a +0 hand axe. The orc hits you with a +0 hand axe.
The orc barely misses you.
You are too confused!
Unknown command.
You feel less confused. The orc hits you with a +0 mace.
The orc hits you with a +0 hand axe. The orc hits you but does no damage.
The orc priest mumbles some strange prayers to Beogh against you.
You barely resist. You hit the orc.
The orc is moderately wounded.
The orc completely misses you. The orc hits you with a +0 hand axe.
The orc priest calls down the wrath of Beogh upon you.
Beogh smites you!
The orc priest calls down the wrath of Beogh upon you.
Beogh smites you!
You die...

..... ##.#.####.# #
#..........
#####.##..........
.......<........<.
#####.##(...........#.
##>..(.............
###..(......###......
.......†)@o.# .?....
###......ooo###......
#................$.
............o........
###..................
#.###.####......... #.
#.# #......... # #.#
.......... #.
...........


You could see an orc priest, an orc wizard and 3 orcs.

Vanquished Creatures
  Sigmund (D:2)
  An ogre (D:2)
  3 adders (D:2)
  An ooze (D:2)
  A worm (D:2)
  A leopard gecko (D:2)
  6 giant cockroaches
  4 goblins (D:1)
  6 hobgoblins
  2 jackals (D:2)
  A quokka (D:2)
  8 bats
  A frilled lizard (D:1)
  5 kobolds
  7 rats
48 creatures vanquished.

Vanquished Creatures (others)
  A hobgoblin (D:1)
1 creature vanquished.

Grand Total: 49 creatures vanquished

Notes
Turn   | Place    | Note
-------+----------+-------------------------------------------
     0 | D:1      | H0rd4k the Human Artificer began the quest for the Orb.
     0 | D:1      | Reached XP level 1. HP: 15/15 MP: 1/1
   234 | D:1      | Reached XP level 2. HP: 21/21 MP: 2/2
   962 | D:1      | Reached XP level 3. HP: 26/26 MP: 3/3
  1044 | D:1      | HP: 1/26 [hobgoblin (3)]
  1489 | D:1      | Reached skill level 1 in Short Blades
  2251 | D:2      | Reached XP level 4. HP: 22/32 MP: 4/4
  2665 | D:2      | Noticed Sigmund
  2675 | D:2      | Killed Sigmund
  2676 | D:2      | Reached skill level 4 in Evocations
  2676 | D:2      | Reached XP level 5. HP: 23/38 MP: 5/5
  2676 | D:2      | Reached XP level 6. HP: 26/44 MP: 6/6
  3208 | D:2      | Noticed an ogre
  3214 | D:2      | Killed an ogre
  3850 | D:3      | Killed from afar by an orc priest

Illustrated notes

Levels and vault maps discovered:
D:1:      amcnicky_arrival_gap_in_the_tavern_cellar, layout_basic,
          kennysheep_small_spiral
D:2:      layout_loops_ring, due_unseen_surprise, uniq_sigmund
D:3:      layout_basic, general_overflow_altar, chequers_serial_rivers_small_3

Skill      XL: |  1  2  3  4  5  6 |
---------------+-------------------+-----
Short Blades   | 1 2 3 |  3.1
Dodging        | 2 3 |  3.0
Stealth        | 2 |  2.3
Evocations     | 4 |  4.2
Fighting       | 2 |  2.2
Armour         | |  2.3

Action                   |  1- 3 |  4- 6 || total
-------------------------+-------+-------++-------
Melee: Club              |    19 |       ||    19
       Dagger            |   181 |    92 ||   273
Evoke: Wand              |     6 |    10 ||    16
 Stab: Sleeping          |     1 |     2 ||     3
Armor: Leather armour    |    53 |       ||    53
       Robe              |    20 |    19 ||    39
Dodge: Dodged            |   144 |    60 ||   204
